 Dungeon Crawl Stone Soup version 0.31-a0-331-geda263fcf1 (webtiles) character file.

Game seed: 17527698248495954594

2849 mopl the Insei (level 9, -1/61 HPs)
             Began as an Octopode Shapeshifter on July 19, 2023.
             Was an Elder of Uskayaw.
             Slain by a killer bee (10 damage)
             ... on level 7 of the Dungeon.
             The game lasted 00:08:20 (6047 turns).

mopl the Insei (Octopode Shapeshifter)              Turns: 6047, Time: 00:08:21

Health: -1/61      AC:  1    Str: 15    XL:     9   Next: 74%
Magic:  15/19      EV: 15    Int: 10    God:    Uskayaw [****..]
Gold:   85         SH:  9    Dex: 16    Spells: 6/8 levels left

rFire   . .          .
                       - Unarmed
rCold   + . .        A - +0 buckler
rNeg    . . .        (helmet currently unavailable)
rPois   .            o - amulet of reflection
rElec   .            i - ring of magical power
rCorr   .            w - ring of protection from cold
SInv    .            x - ring of flight
Will    .....        (no ring)
Stlth   ++           (no ring)
HPRegen 0.30/turn    (no ring)
MPRegen 0.16/turn    (no ring)
                     (no ring)

%: reflection
@: beast-form, flying
A: beast (slay +4), almost no armour, amphibious, 8 rings, camouflage 1,
gelatinous body 1, (nimble swimmer 1), tentacles
a: Begin Untransformation, Renounce Religion, Stomp, Line Pass


You were on level 7 of the Dungeon.
You worshipped Uskayaw.
Uskayaw was noncommittal.
You were a hulking beast.
You visited 2 branches of the dungeon, and saw 8 of its levels.

You collected 414 gold pieces.
You spent 329 gold pieces at shops.

Inventory:

Missiles
 k - 6 boomerangs
 l - 19 poisoned darts
 n - a curare-tipped dart
 s - 2 silver boomerangs
Armour
 A - a +0 buckler (worn)
Jewellery
 c - a ring of fire
 i - a ring of magical power (left tentacle)
 o - an amulet of reflection (around mantle)
 w - a ring of protection from cold (right tentacle)
 x - a ring of flight (on tentacle)
Talismans
 b - a beast talisman
Wands
 p - a wand of acid (9)
 q - a wand of iceblast (8)
Scrolls
 d - 2 scrolls of poison {unknown}
 f - 3 scrolls of revelation
 g - 2 scrolls of amnesia {unknown}
 h - 4 scrolls of teleportation
 j - a scroll of immolation {unknown}
 m - 3 scrolls of vulnerability
 u - a scroll of fear
 v - a scroll of enchant armour
 y - a scroll of enchant weapon {unknown}
Potions
 a - a potion of lignification {!q}
 e - a potion of curing
 r - a potion of enlightenment
 t - a potion of might
 z - a potion of resistance {unknown}


   Skills:
 + Level 5.3 Fighting
 + Level 5.2 Dodging
 * Level 7.2 Unarmed Combat
 + Level 4.4 Transmutations
 + Level 2.5 Invocations
 * Level 6.4 Shapeshifting


You had 6 spell levels left.
You knew the following spells:

 Your Spells              Type           Power      Damage    Failure   Level
w - Wereblood             Tmut           8%         N/A       13%         2

Your spell library contained the following spells:

 Spells                   Type           Power      Damage    Failure   Level
 Apportation              Tloc           0%         N/A       45%         1
 Necrotise                Necr           0%         1d4       45%         1
 Vampiric Draining        Necr           0%         2d6       83%         3
 Alistair's Intoxication  Tmut/Pois      2%         N/A       99%         5
 Irradiate                Conj/Tmut      2%         3d12      99%         5
 Agony                    Necr           0%         N/A       100%        5


Dungeon Overview and Level Annotations

Branches:
Dungeon (7/15)             Temple (1/1) D:5

Altars:
Ashenzari
Cheibriados
Dithmenos
Elyvilon
Gozag
Kikubaaqudgha
Makhleb
Nemelex Xobeh
Okawaru
Qazlal
Ru
Sif Muna
Trog
Uskayaw
Vehumet
Wu Jian
Xom
Yredelemnul
Zin
The Shining One

Shops:
D:1 *   D:4 =   D:5 ?   D:6 (

Annotations:
D:4 2 transporters, flestrin's ghost, amateur TrSh


Innate Abilities, Weirdness & Mutations

You are a hulking beast.
Your limbs bulge with bestial killing power. (Slay +4)
You cannot wear most types of armour.
You are amphibious.
You can wear up to eight rings at the same time.
Your skin changes colour to match your surroundings (Stealth+).
Your rubbery body absorbs attacks. (AC +1, EV +1)
((You are camouflaged when in or above water. (Stealth+)))
You have tentacles for arms and can constrict up to eight enemies at once.


Message History

Uskayaw links your audience in an emotional bond!
Unknown command.
You bludgeon the killer bee!
You kill the orc!
You kill the killer bee!
You feel sick. The killer bee stings you.
* * * LOW HITPOINT WARNING * * *
Unknown command.
You miss the killer bee. Your grab misses the killer bee.
The killer bee is moderately wounded.
You block the killer bee's attack. The killer bee completely misses you.
Unknown command.
You miss the killer bee. Your grab misses the killer bee.
The killer bee is moderately wounded.
You feel sick.
You are no longer poisoned.
You block the killer bee's attack.
A killer bee comes into view.
You closely miss the killer bee.
The killer bee buzzes angrily.
You grab the killer bee. You tentacle-slap the killer bee!
You kill the killer bee!
The killer bee is no longer sharing its pain.
The killer bee stings you!
* * * LOW HITPOINT WARNING * * *
You can now merge with and destroy a victim.
Aiming: Line Pass
Press: ? - help, Dir - move target The killer bee appears confused. x2
You can no longer merge with and destroy a victim.
The killer bee closely misses the killer bee.
You block the killer bee's attack. The killer bee barely misses you.
Unknown command.
Unknown command.
You feel better. The killer bee misses you. The killer bee closely misses you.
The killer bee stings itself.
You bludgeon the killer bee!
You kill the killer bee!
The killer bee seems less confused.
The killer bee barely misses you. The killer bee stings you!
You die...

#. #. #. #.
.# #.## ...#
#..##
o..5.#...##
###
#....>..###
#########..
##.......h##
#..........
#......)†y#
#....)....
########.##
##.........
#†##
##.##...###.
##.#
##.####......
##.###.##
##.....
##..##.##
######
######...#..#
#.....####.##
##


You could see a killer bee.

Vanquished Creatures
  Pikel (D:6)
  Grinder (D:3)
  A wyvern (D:7)
  A water moccasin (D:4)
  2 ice beasts
  2 sky beasts (D:6)
  A phantom (D:6)
  3 lemures (D:6)
  A kobold brigand (D:5)
  2 bullfrogs
  4 scorpions
  5 killer bees (D:7)
  A howler monkey (D:6)
  2 jellies
  5 orc priests
  8 hounds
  A gnoll bouda (D:5)
  3 iguanas
  A sleepcap (D:7)
  Robin (D:2)
  6 gnolls
  6 adders
  A white imp (D:5)
  An ufetubus (D:6)
  4 worms
  2 dart slugs
  21 orcs
  3 ball pythons
  4 bats
  4 endoplasms
  4 giant cockroaches
  13 goblins
  13 hobgoblins
  6 jackals (D:1)
  A quokka (D:2)
  3 frilled lizards
  13 kobolds
  4 rats
155 creatures vanquished.

Notes
Turn   | Place    | Note
-------+----------+-------------------------------------------
     0 | D:1      | mopl the Octopode Shapeshifter began the quest for the Orb.
     0 | D:1      | Reached XP level 1. HP: 14/14 MP: 1/1
    82 | D:1      | Reached XP level 2. HP: 10/19 MP: 2/2
   150 | D:1      | Found Yxyit's General Store.
   471 | D:1      | Reached XP level 3. HP: 20/24 MP: 3/3
   500 | D:1      | Learned a level 2 spell: Wereblood
   984 | D:2      | Noticed Robin
   998 | D:2      | Killed Robin
   999 | D:2      | Reached XP level 4. HP: 24/30 MP: 4/4
  1148 | D:2      | Reached skill level 3 in Unarmed Combat
  1637 | D:3      | Reached skill level 1 in Transmutations
  1705 | D:3      | Reached XP level 5. HP: 26/35 MP: 5/5
  1927 | D:3      | Noticed Grinder
  1936 | D:3      | Paralysed by Grinder for 3 turns
  1949 | D:3      | Killed Grinder
  1950 | D:3      | Reached skill level 3 in Fighting
  1950 | D:3      | Reached skill level 3 in Dodging
  1950 | D:3      | Reached skill level 4 in Unarmed Combat
  1950 | D:3      | Reached skill level 4 in Shapeshifting
  1950 | D:3      | Reached XP level 6. HP: 16/42 MP: 6/6
  2135 | D:3      | Reached skill level 2 in Transmutations
  2703 | D:1      | Bought 2 scrolls of teleportation for 84 gold pieces
  2703 | D:1      | Bought a scroll of noise for 14 gold pieces
  2703 | D:1      | Bought a scroll of vulnerability for 56 gold pieces
  2759 | D:4      | Noticed a water moccasin
  2775 | D:4      | Killed a water moccasin
  2776 | D:4      | Reached XP level 7. HP: 22/46 MP: 7/7
  2954 | D:4      | Found a shimmering altar of Xom.
  3134 | D:4      | Found Zane's Jewellery Shop.
  3229 | D:4      | Reached skill level 5 in Unarmed Combat
  3229 | D:4      | Reached XP level 8. HP: 28/54 MP: 8/8
  3245 | D:4      | Found a glowing silver altar of Zin.
  3271 | D:4      | Noticed flestrin's ghost (amateur TrSh)
  3272 | D:4      | Found a transporter.
  3273 | D:4      | Identified the +8 great mace "Xube" {elec, Dex+3}
  3275 | D:4      | Found a transporter.
  3312 | D:5      | Entered Level 5 of the Dungeon
  3312 | D:5      | You fall into a shaft and drop 2 floors!
  3378 | D:6      | Reached skill level 4 in Fighting
  3430 | D:6      | Reached skill level 3 in Transmutations
  3430 | D:6      | Reached skill level 5 in Shapeshifting
  3501 | D:5      | Found Atirek's Magic Scroll Shop.
  3549 | D:5      | Reached skill level 4 in Dodging
  3600 | D:5      | Found a staircase to the Ecumenical Temple.
  3603 | D:5      | Noticed Pikel
  3717 | D:6      | Killed Pikel
  3718 | D:6      | Reached skill level 6 in Unarmed Combat
  3843 | Temple   | Entered the Ecumenical Temple
  3854 | Temple   | Became a worshipper of Uskayaw the Reveller
  3879 | D:5      | Reached * piety under Uskayaw
  3881 | D:5      | Reached ** piety under Uskayaw
  3882 | D:5      | Reached *** piety under Uskayaw
  3886 | D:5      | Reached **** piety under Uskayaw
  3891 | D:5      | Reached ***** piety under Uskayaw
  3899 | D:5      | Reached XP level 9. HP: 20/59 MP: 9/9
  4124 | D:5      | Reached skill level 1 in Invocations
  4679 | D:5      | Bought a scroll of fear for 52 gold pieces
  4679 | D:5      | Bought a scroll of enchant armour for 97 gold pieces
  4679 | D:5      | Bought a scroll of identify for 26 gold pieces
  4808 | D:6      | Reached skill level 4 in Transmutations
  4808 | D:6      | Reached skill level 6 in Shapeshifting
  4941 | D:6      | Found a shimmering blue altar of Sif Muna.
  4941 | D:6      | Found an iron altar of Okawaru.
  4981 | D:6      | Found a bloodstained altar of Trog.
  5019 | D:6      | Reached skill level 5 in Fighting
  5256 | D:6      | Found Cidomn's Antique Weapon Emporium.
  5285 | D:6      | Reached skill level 5 in Dodging
  5285 | D:6      | Reached skill level 2 in Invocations
  5318 | D:5      | Reached skill level 7 in Unarmed Combat
  5546 | D:6      | Found a glowing golden altar of the Shining One.
  6044 | D:7      | HP: 3/61 [killer bee (8)]
  6047 | D:7      | Slain by a killer bee

Illustrated notes

Levels and vault maps discovered:
D:1:      onia_arrival_mini_spirals, layout_basic, serial_shops, shop
D:2:      layout_rooms, chequers_serial_rivers_room_a, nicolae_wormholes,
          uniq_robin
D:3:      cheibrodos_greedy_goblins, layout_loops_cross, nicolae_grassy_gnolls,
          uniq_grinder
D:4:      layout_basic, zin_statuary, mainiacjoe_overflow_brackets,
          gammafunk_ghost_smash, serial_shops, nicolae_shop_hallway_plus,
          minmay_misc_feat_chi
D:5:      layout_cave_pods, minmay_temple_entry_sparse_star, serial_shops,
          nicolae_inconvenience_store, uniq_pikel
D:6:      layout_basic, bloody_trog, tso_altar, grunt_temple_overflow_open,
          serial_shops, nicolae_shop_rolling_square
D:7:      layout_layer_cave
Temple:   nicolae_temple_bog_church

Skill      XL: |  1  2  3  4  5  6  7  8  9 |
---------------+----------------------------+-----
Unarmed Combat | 3 4 5 6 7 |  7.2
Transmutations | 1 2 3 4 |  4.4
Fighting       | 3 4 5 |  5.3
Dodging        | 3 4 5 |  5.2
Shapeshifting  | 4 5 6 |  6.4
Invocations    | 2 |  2.5

Action                     |  1- 3 |  4- 6 |  7- 9 || total
---------------------------+-------+-------+-------++-------
  Melee: Unarmed           |    68 |   100 |   178 ||   346
         Constrict         |    20 |    20 |    45 ||    85
         Tentacles         |    15 |    18 |    57 ||    90
         Punch             |       |     3 |    15 ||    18
  Throw: Boomerang         |       |       |     5 ||     5
 Invoke: Line Pass         |       |       |     1 ||     1
    Use: Scroll            |       |     4 |     3 ||     7
         Potion            |       |       |     2 ||     2
   Stab: Sleeping          |     6 |     7 |     3 ||    16
         Distracted        |       |     1 |       ||     1
         Paralysed         |       |       |     6 ||     6
 Armour: Skin              |     4 |     4 |     3 ||    11
  Dodge: Dodged            |    34 |    48 |    99 ||   181
  Block: Other             |       |       |    19 ||    19
         Buckler           |       |       |    14 ||    14
         Reflection        |       |       |     1 ||     1

Table legend: (Time is in decaauts)
 A = Elapsed time spent in this place.
 B = Non-inter-level travel time spent in this place.
 C = Inter-level travel time spent in this place.
 D = Time resting spent in this place.
 E = Time spent auto-exploring this place.
 F = Levels seen in this place.
 G = Mean time per level.
                   A        B        C        D        E       F      G
               +--------+--------+--------+--------+--------+-----+--------+
         Total |   6034 |   5807 |    227 |   1221 |   3531 |   8 |  754.2 |
       Dungeon |   6014 |   5796 |    218 |   1221 |   3531 |   7 |  859.1 |
        Temple |     20 |     11 |      9 |      0 |      0 |   1 |   20.0 |
               +--------+--------+--------+--------+--------+-----+--------+

Top non-repeatable levels by time:
     D:5: 1258 daAuts
     D:3: 1126 daAuts
     D:6: 1015 daAuts
     D:1: 961 daAuts
     D:2: 657 daAuts
     D:4: 556 daAuts
     D:7: 438 daAuts
  Temple: 20 daAuts
